 Dungeon Crawl Stone Soup version 0.30-a0-134-gb40fab5c76 (webtiles) character file.

Game seed: 8017073303615395541

6736 Engwar the Grappler (level 10, 0/102 HPs)
             Began as a Troll Fighter on Sept 20, 2022.
             Was an Elder of Wu Jian.
             Slain by a red ugly thing (12 damage)
             ... on level 9 of the Dungeon.
             The game lasted 00:16:55 (6916 turns).

Engwar the Grappler (Troll Fighter)                 Turns: 6916, Time: 00:16:55

Health: 0/102      AC:  6    Str: 26    XL:     10   Next: 75%
Magic:  9/9        EV: 13    Int:  8    God:    Wu Jian [****..]
Gold:   353        SH: 15    Dex:  9    Spells: 9/9 levels left

rFire   . . .      SeeInvis .      - Unarmed
rCold   . . .      Faith    .    b - +1 kite shield
rNeg    . . .      Spirit   .    f - +0 troll leather armour {Pargi}
rPois   .          Reflect  +    m - +0 hat
rElec   .          Harm     .    (no cloak)
rCorr   .          Rampage  .    (gloves unavailable)
Will    .....                    (boots unavailable)
Stlth   +.........               h - amulet of reflection
HPRegen 1.87/turn                q - +4 ring of evasion
MPRegen 0.11/turn                (no ring)

@: no status effects
A: large, unfitting armour, claws 3, regeneration 1, shaggy fur 1, tough skin 1
a: Renounce Religion, Wall Jump, Serpent's Lash


You were on level 9 of the Dungeon.
You worshipped Wu Jian.
Wu Jian was greatly pleased with you.
You visited 1 branch of the dungeon, and saw 9 of its levels.
You also visited: Sewer.

You collected 449 gold pieces.
You spent 96 gold pieces at shops.

Inventory:

Armour
 a - a +0 robe
 b - a +1 kite shield (worn)
 f - a +0 troll leather armour (worn) {Pargi}
 m - a +0 hat (worn)
Jewellery
 h - an amulet of reflection (around neck)
 n - an amulet of the acrobat
 q - a +4 ring of evasion (left claw)
 A - a ring of positive energy
Wands
 j - a wand of iceblast (10)
 l - a wand of flame (40)
 u - a wand of paralysis (18)
Scrolls
 e - 7 scrolls of teleportation
 k - a scroll of immolation
 r - a scroll of fear {unknown}
 s - a scroll of torment
 v - a scroll of identify
 x - 2 scrolls of summoning
 y - a scroll of magic mapping
 B - a scroll of enchant armour
Potions
 c - 2 potions of might
 d - 2 potions of brilliance
 g - 3 potions of mutation
 i - 5 potions of curing
 o - 5 potions of haste
 p - a potion of cancellation
 t - a potion of flight
 w - a potion of heal wounds {unknown}
 z - 2 potions of resistance {unknown}
 C - a potion of attraction {unknown}


   Skills:
 + Level 7.0 Fighting
 + Level 4.9 Dodging
 + Level 7.7 Shields
 * Level 11.3 Unarmed Combat


You had 9 spell levels left.
You didn't know any spells.
Your spell library contained the following spells:

 Spells                   Type           Power      Damage    Failure   Level
 Beastly Appendage        Tmut           0%         N/A       69%         1
 Necrotise                Necr           0%         1d4       69%         1
 Wereblood                Tmut           0%         N/A       83%         2
 Spider Form              Tmut/Pois      0%         N/A       96%         3
 Vampiric Draining        Necr           0%         2d6       96%         3
 Agony                    Necr           0%         N/A       100%        5


Dungeon Overview and Level Annotations

Branches:
Dungeon (9/15)             Temple (0/1) D:7             Orc (0/2) D:9
  Sewer (visited)
   Lair: D:8-11

Altars:
Cheibriados
Fedhas
Gozag
Kikubaaqudgha
Makhleb
Qazlal
Ru
Sif Muna
Vehumet
Wu Jian
Yredelemnul
Zin

Shops:
D:2 [

Annotations:
D:3 1 runed translucent door
D:6 2 transporters, Smoky173's ghost, novice TeSu


Innate Abilities, Weirdness & Mutations

You are too large for most types of armour.
You have claws for hands.
Your natural rate of healing is unusually fast.
You are covered in fur. (AC +1)
You have tough skin. (AC +1)


Message History

You scratch the red ugly thing.
The red ugly thing is severely wounded.
You block the red ugly thing's attack.
You barely miss the red ugly thing.
The red ugly thing is severely wounded.
The komodo dragon hisses menacingly.
You block the komodo dragon's attack.
You closely miss the red ugly thing.
The red ugly thing is severely wounded.
The red ugly thing headbutts you.
You are engulfed in flames!!
The komodo dragon closely misses you.
You barely miss the red ugly thing.
The red ugly thing is severely wounded.
You block the red ugly thing's attack. The komodo dragon bites you!!
You are too injured to fight recklessly!
You are too injured to fight recklessly!
You are too injured to fight recklessly!
You are too injured to fight recklessly!
You are too injured to fight recklessly!
You are too injured to fight recklessly!
You are too injured to fight recklessly!
You are too injured to fight recklessly!
You are too injured to fight recklessly!
You barely miss the red ugly thing.
The red ugly thing is severely wounded.
The red ugly thing barely misses you. You block the komodo dragon's attack.
You barely miss the red ugly thing.
The red ugly thing is severely wounded.
You block the red ugly thing's attack. The komodo dragon bites you!
You mangle the red ugly thing!!
The red ugly thing is almost dead.
The red ugly thing headbutts you!
* * * LOW HITPOINT WARNING * * *
You are engulfed in flames!!
* * * LOW HITPOINT WARNING * * *
You block the komodo dragon's attack.
You closely miss the red ugly thing.
The red ugly thing is almost dead.
The red ugly thing headbutts you!
You die... ##### #PPPPP ### #PPPPPP

##.###...PPP.
#..##l....PPP
#...@u.....P. .#
##....#...... ..##
#....# ...P. ..♣)..###
##..### #... .PP.....###
#...## ..
........#.####...## #
............#.....##.#
...............#..#..###
..............###.>....#


You could see a red ugly thing and a komodo dragon.

Vanquished Creatures
  A deep elf pyromancer (D:7)
  The ghost of Gilette the Grave Robber, a novice GnNe (D:5)
  The ghost of Smoky173 the Firebug, an amateur OgFE (D:7)
  A troll (D:9)
  Grinder (D:6)
  A wraith (D:7)
  2 wyverns
  10 yaks
  A water moccasin (D:7)
  A black bear (D:5)
  Pargi (Sewer)
  4 orc warriors
  The ghost of sakurabyss the Trooper, an amateur DrBe of Trog (D:3)
  3 ice beasts
  2 sky beasts
  An ogre (D:6)
  2 centaurs
  A kobold brigand (D:7)
  3 necrophages
  2 bullfrogs
  3 scorpions (D:5)
  2 gnoll sergeants
  3 wights (D:7)
  5 hounds
  2 jellies
  5 orc priests
  3 iron imps (D:7)
  Ijyb (D:4)
  2 iguanas
  9 orc wizards
  23 gnolls
  9 adders
  2 river rats (D:3)
  A shadow imp (D:6)
  A white imp (D:8)
  3 worms
  4 dart slugs
  44 orcs
  3 bats
  5 endoplasms
  4 giant cockroaches
  A goblin (D:3)
  11 hobgoblins
  4 jackals
  A quokka (D:1)
  10 ball pythons
  4 frilled lizards
  14 kobolds
  6 rats
  2 rat zombies (D:5)
227 creatures vanquished.

Vanquished Creatures (others)
  An orc wizard (D:6)
  4 fungi (D:5)
  68 plants
73 creatures vanquished.

Grand Total: 300 creatures vanquished

Notes
Turn   | Place    | Note
-------+----------+-------------------------------------------
     0 | D:1      | Engwar the Troll Fighter began the quest for the Orb.
     0 | D:1      | Reached XP level 1. HP: 22/22 MP: 0/0
    93 | D:1      | Found a faded altar of an unknown god.
   110 | D:1      | Reached XP level 2. HP: 27/29 MP: 1/1
   497 | D:2      | Found Xiolub's Antique Armour Boutique.
   596 | D:2      | Reached XP level 3. HP: 27/36 MP: 2/2
   997 | D:2      | Bought a hat for 96 gold pieces
  1053 | D:3      | Reached skill level 3 in Unarmed Combat
  1117 | D:3      | Reached XP level 4. HP: 41/44 MP: 3/3
  1158 | D:3      | Found an ornate altar of the Wu Jian Council.
  1179 | D:3      | Became a worshipper of the Wu Jian Council
  1206 | D:3      | Found a runed translucent door.
  1207 | D:3      | Noticed sakurabyss's ghost (amateur DrBe)
  1248 | D:3      | Killed sakurabyss's ghost
  1249 | D:3      | Reached skill level 4 in Unarmed Combat
  1249 | D:3      | Reached XP level 5. HP: 37/53 MP: 4/4
  1270 | D:3      | Found a runed translucent door.
  1426 | D:3      | Reached * piety under Wu Jian
  1433 | D:3      | Reached XP level 6. HP: 50/61 MP: 5/5
  1748 | D:3      | Found a stormy altar of Qazlal.
  1851 | D:3      | Found a basalt altar of Yredelemnul.
  2039 | D:4      | Found a radiant altar of Vehumet.
  2050 | D:4      | Reached skill level 5 in Unarmed Combat
  2325 | D:4      | Noticed Ijyb
  2340 | D:4      | Killed Ijyb
  2376 | D:4      | Reached ** piety under Wu Jian
  2558 | D:5      | Entered Level 5 of the Dungeon
  2577 | D:5      | Reached XP level 7. HP: 68/68 MP: 6/6
  2626 | D:5      | Reached skill level 6 in Unarmed Combat
  2688 | D:5      | Identified the +0 ring mail of Philately {rC+ rN+}
  2936 | D:5      | Reached skill level 5 in Shields
  2936 | D:5      | Reached XP level 8. HP: 79/79 MP: 7/7
  2963 | D:5      | Found a glowing drain.
  2978 | D:5      | Reached skill level 7 in Unarmed Combat
  2995 | Sewer    | Entered a sewer
  3024 | Sewer    | Noticed Pargi
  3030 | Sewer    | Killed Pargi
  3345 | D:5      | Found a large runed translucent door.
  3345 | D:5      | Found a large runed translucent door.
  3346 | D:5      | Noticed Gilette's ghost (novice GnNe)
  3376 | D:5      | Found an ancient bone altar of Kikubaaqudgha.
  3709 | D:5      | Killed Gilette's ghost
  3710 | D:5      | Reached skill level 5 in Fighting
  3757 | D:6      | Reached skill level 8 in Unarmed Combat
  3811 | D:6      | Found a transporter.
  3826 | D:6      | Noticed a two-headed ogre
  3827 | D:6      | Noticed a troll
  3829 | D:6      | Noticed Smoky173's ghost (novice TeSu)
  3833 | D:6      | Found a transporter.
  4013 | D:6      | Reached *** piety under Wu Jian
  4136 | D:6      | Reached XP level 9. HP: 88/88 MP: 8/8
  4272 | D:6      | Found a sacrificial altar of Ru.
  4342 | D:6      | Noticed Grinder
  4351 | D:6      | Killed Grinder
  4511 | D:7      | Noticed Smoky173's ghost (amateur OgFE)
  4517 | D:7      | Found a runed translucent gate.
  4517 | D:7      | Found a runed translucent gate.
  4519 | D:7      | Found a runed translucent gate.
  4519 | D:7      | Noticed a deep elf pyromancer
  4536 | D:7      | Reached skill level 9 in Unarmed Combat
  4577 | D:7      | Killed Smoky173's ghost
  4595 | D:7      | Killed a deep elf pyromancer
  4603 | D:7      | Reached skill level 10 in Unarmed Combat
  4800 | D:7      | Found a staircase to the Ecumenical Temple.
  4942 | D:7      | Found a glowing silver altar of Zin.
  4942 | D:7      | Found a snail-covered altar of Cheibriados.
  4944 | D:7      | Found a blossoming altar of Fedhas.
  4945 | D:7      | Found an opulent altar of Gozag.
  5237 | D:7      | Found a shimmering blue altar of Sif Muna.
  5339 | D:7      | Found a burning altar of Makhleb.
  5353 | D:7      | Reached XP level 10. HP: 98/98 MP: 9/9
  5656 | D:8      | Reached **** piety under Wu Jian
  6704 | D:9      | Reached skill level 11 in Unarmed Combat
  6770 | D:9      | Found a staircase to the Orcish Mines.
  6779 | D:9      | Identified the +7 whip of the Everdark {flame, rPois Int+6}
  6897 | D:9      | Noticed a red ugly thing
  6916 | D:9      | Slain by a red ugly thing

Illustrated notes

Levels and vault maps discovered:
D:1:      dpeg_arrival_short_road, layout_basic,
          ebering_ecumenical_altar_sacrificial
D:2:      layout_basic, serial_shops, shop, minivault_14
D:3:      minmay_recursive_quarters, layout_loops_ring, lemuel_round_altar,
          mainiacjoe_overflow_catch_the_wave, ebering_ghost_sewer_f,
          nicolae_grassy_gnolls
D:4:      layout_basic, vehumet_altar_wand_db, uniq_ijyb
D:5:      layout_basic, lemuel_zombie_altar_kikubaaqudgha,
          ebering_ghost_disaster_area, portal_sewer_entry_a,
          hangedman_abyss_or_decor_jellyfish_corner, dreamdust_gnoll_farm
D:6:      layout_loops_corners, nicolae_ru_path_of_blood, gammafunk_ghost_arena,
          uniq_grinder
D:7:      layout_basic, nicolae_overflow_crystal_walls, demons_altar,
          chequers_temple_overflow_statue_of_worship,
          minmay_temple_entry_statues_pillars, gammafunk_ghost_split
D:8:      layout_basic
D:9:      layout_cave_pools, david_lair_shrubbed, orc_0_dummy,
          serial_park_tiny_2, nrook_loot_triangle

Skill      XL: |  1  2  3  4  5  6  7  8  9 10 |
---------------+-------------------------------+-----
Shields        | 3 4 5 6 7 |  7.7
Unarmed Combat | 3 4 5 6 8 10 11 | 11.3
Fighting       | 3 4 5 6 7 |  7.0
Dodging        | 3 4 |  4.9

Action                   |  1- 3 |  4- 6 |  7- 9 | 10-12 || total
-------------------------+-------+-------+-------+-------++-------
Melee: Unarmed           |    57 |   193 |   258 |   215 ||   723
Invok: Lunge             |       |    11 |    23 |    23 ||    57
       Whirlwind         |       |       |     1 |     3 ||     4
  Use: Potion            |       |     1 |     1 |     1 ||     3
       Scroll            |       |     7 |     4 |     6 ||    17
 Stab: Sleeping          |     1 |     1 |       |       ||     2
Armor: Robe              |    13 |    21 |    13 |       ||    47
       Troll leather arm |       |       |    26 |    33 ||    59
Dodge: Dodged            |    13 |    43 |    38 |    68 ||   162
Block: Kite shield       |    26 |   106 |   130 |   145 ||   407
       Reflection        |       |     2 |     3 |     3 ||     8

Table legend: (Time is in decaauts)
 A = Elapsed time spent in this place.
 B = Non-inter-level travel time spent in this place.
 C = Inter-level travel time spent in this place.
 D = Time resting spent in this place.
 E = Time spent auto-exploring this place.
 F = Levels seen in this place.
 G = Mean time per level.
                   A        B        C        D        E       F      G
               +--------+--------+--------+--------+--------+-----+--------+
         Total |   6918 |   6676 |    242 |    158 |   4833 |  10 |  691.8 |
       Dungeon |   6785 |   6543 |    242 |    158 |   4745 |   9 |  753.9 |
         Sewer |    132 |    132 |      0 |      0 |     88 |   1 |  132.0 |
               +--------+--------+--------+--------+--------+-----+--------+

Top non-repeatable levels by time:
     D:5: 1051 daAuts
     D:8: 991 daAuts
     D:7: 968 daAuts
     D:3: 904 daAuts
     D:6: 769 daAuts
     D:4: 653 daAuts
     D:2: 593 daAuts
     D:9: 427 daAuts
     D:1: 426 daAuts
   Sewer: 132 daAuts
